Map: Catalyst LE

Players

Spazymazy

  • Race: Zerg Zerg
  • Spawn Location: 5:00

SortOf - Winner!

  • Race: Zerg Zerg
  • Spawn Location: 11:00

Event: IEM Season 12 - Katowice

VOD

Have the link to the VOD?

Description

Time

  • Played on: Feb. 27, 2018, 9:23 a.m.
  • Length: 4:18

All games in this series

Show
View Real Time Build Order
Export as new Build Order

Spazymazy Zerg 

Build Orders: Hatch First 

Get SALT Encoding   

  12  0:00  Drone  
  13  0:12  Overlord  
  13  0:17  Drone  
  14  0:30  Drone x2  
  14  0:34  Drone  
  17  0:53  Hatchery  
  17  0:57  Drone  
  17  1:01  Drone, Extractor  
  17  1:16  Spawning Pool  
  16  1:19  Drone  
  16  1:22  Drone  
  18  1:27  Drone  
  19  1:40  Overlord  
  19  1:53  Drone  
  20  2:02  Drone, Metabolic Boost  
  20  2:03  Queen  
  20  2:08  Queen  
  25  2:11  Zergling x2  
  25  2:14  Zergling x2  
  27  2:18  Drone  
  27  2:22  Drone  
  29  2:27  Drone  
  29  2:35  Zergling x2  
  29  2:44  Drone  
  29  2:45  Drone  
  27  2:52  Drone  
  27  2:55  Drone  
  27  3:01  Drone  
  28  3:09  Hatchery  
  28  3:12  Baneling Nest  
  26  3:13  Drone x2  
  26  3:18  Overlord  
  29  3:28  Evolution Chamber x2  
  29  3:30  Evolution Chamber  
  29  3:31  Zergling x8  
  30  3:38  Evolution Chamber  
  29  3:43  Zergling x2  
  29  3:46  Zergling x2  
  29  3:48  Evolution Chamber  
  29  3:51  Zergling x2  
Show
View Real Time Build Order
Export as new Build Order

SortOf Zerg - Winner!

Build Orders: Pool First 

Get SALT Encoding   

  12  0:01  Drone  
  13  0:13  Overlord  
  13  0:17  Drone  
  14  0:31  Drone x2  
  16  0:41  Spawning Pool  
  15  0:46  Drone  
  15  0:49  Drone  
  17  0:56  Extractor  
  16  1:01  Drone  
  17  1:15  Hatchery  
  16  1:28  Zergling x6  
  19  1:37  Queen  
  21  1:41  Zergling x2  
  22  1:50  Overlord  
  22  1:59  Metabolic Boost  
  22  2:12  Queen, Zergling x2  
  26  2:15  Zergling x2  
  26  2:25  Zergling x2  
  27  2:31  Zergling x2  
  27  2:34  Zergling x2  
  29  2:39  Zergling x2  
  30  2:47  Zergling x2  
  29  2:52  Zergling x2  
  29  2:53  Zergling x4  
  30  2:59  Zergling x2  
  30  3:01  Baneling Nest, Zergling x2  
  31  3:09  Overlord  
  31  3:12  Drone  
  32  3:20  Zergling x2  
  32  3:22  Zergling x2  
  32  3:26  Zergling x4  
  36  3:31  Zergling x4  
  38  3:38  Zergling x4  
  38  3:40  Zergling x2  
  40  3:44  Zergling x2  
  41  3:48  Zergling x2  
  41  3:51  Zergling x2  
  41  3:56  Baneling  
  41  4:03  Baneling  

Tags
 
Add a new tag
Caveats
  • Supply blocks, unpowered buildings, or Contaminate may cause inaccurate times.
  • Supply counts are checked every 10 seconds.